 Dungeon Crawl Stone Soup version 0.22.1-2-g9c5b331383 (webtiles) character file.

1101440 PlayingRandomsOnly the Conqueror (level 27, 0/199 HPs)
             Began as a Gargoyle Monk on Nov 13, 2018.
             Was the Champion of Zin.
             Slain by a bennu (12 damage)
             ... on level 2 of the Tomb of the Ancients on Nov 15, 2018.
             The game lasted 15:22:51 (139193 turns).

PlayingRandomsOnly the Conqueror (Gargoyle Monk)  Turns: 139193, Time: 15:22:54

Health: 0/199      AC: 44    Str: 44    XL:     27
Magic:  22/42      EV: 20    Int: 31    God:    Zin [******]
Gold:   4146       SH: 41    Dex: 27    Spells: 4/57 levels left

rFire    . . .     SeeInvis .   a - +9 eveningstar (holy)
rCold    + + .     Gourm    .   s - +7 large shield of the City {Str+6}
rNeg     + + +     Faith    .   O - +1 ice dragon scales of the Untouchables {rElec rF- rC++ rN+ Regen+ Str+8}
rPois    ∞         Spirit   .   (helmet restricted)
rElec    +         Reflect  +   W - +1 cloak {+Inv}
rCorr    .         Harm     .   (no gloves)
MR       ++++.     Clarity  +   m - +2 pair of boots Stlth ++........Rnd*Tele +
                                N - +4 amulet of reflection
HPRegen  0.83/turn              G - ring "Xiarcheent" {Wiz rElec rN+ MR++ Str-2}
MPRegen  0.28/turn              P - ring of Doubts {rF+ Str+4 Int+4 Dex+4}

@: vitalised, flying, very slightly contaminated, studying Charms
A: antennae 1, big wings, clarity, negative energy resistance 1, electricity
resistance, teleportitis 1, unbreathing, petrification resistance, no potion
heal 1, rot immunity, AC +20
}: 8/15 runes: serpentine, barnacled, slimy, silver, iron, icy, bone, abyssal
a: Stop Flying, Recite, Vitalisation, Imprison, Sanctuary, Donate Gold, Renounce
Religion, Evoke Invisibility


You were on level 2 of the Tomb of the Ancients.
You worshipped Zin.
Zin was exalted by your worship.
You were not hungry.

You visited 18 branches of the dungeon, and saw 90 of its levels.
You visited the Abyss 2 times.
You visited 1 ziggurat, and saw 7 of its levels.
You also visited: Ossuary, Ice Cave, Volcano and Wizlab.

You collected 13195 gold pieces.
You spent 8120 gold pieces at shops.
You donated 929 gold pieces to Zin.

Inventory:

Hand Weapons
 a - a +9 eveningstar of holy wrath (weapon)
 w - a +6 eveningstar of freezing
Armour
 m - a +2 pair of boots (worn)
 n - +2 fire dragon scales
 q - the +0 pair of gloves of Vampiric Thralls {rF- rC++}
   (You bought it in a shop on level 4 of the Dungeon)

   It makes you vulnerable to fire.
   It greatly protects you from cold.
 s - the +7 large shield of the City (worn) {Str+6}
   (You found it on level 7 of Tartarus)

   It affects your strength (+6).
 B - a +6 large shield of protection
 O - the +1 ice dragon scales of the Untouchables (worn) {rElec rF- rC++ rN+ Regen+ Str+8}
   (You bought it in a shop on level 5 of the Vaults)

   It affects your strength (+8).
   It makes you vulnerable to fire.
   It greatly protects you from cold.
   It insulates you from electricity.
   It protects you from negative energy.
   It increases your rate of regeneration.
 W - a +1 cloak of invisibility (worn)
Magical Staves
 b - an uncursed staff of energy
 d - an uncursed staff of wizardry
Jewellery
 h - the ring of Zawoa {rF+ rN+ MP+9 Str-5 Dex+3}
   (You found it on level 7 of Cocytus)

   [ring of magical power]

   It affects your strength (-5).
   It affects your dexterity (+3).
   It protects you from fire.
   It protects you from negative energy.
   It affects your magic capacity (+9).
 i - an uncursed ring of fire
 x - the ring of the Countless Beggars {rN+ Int+5, unknown}
   (You found it on level 7 of Tartarus)

   [ring of positive energy]

   It affects your intelligence (+5).
   It protects you from negative energy.
 C - the ring of Nyvehad {Ice rPois Int+6}
   (You found it on level 3 of a ziggurat)

   [ring of ice]

   It enhances your ice magic.
   It affects your intelligence (+6).
   It makes you vulnerable to fire.
   It protects you from cold.
   It protects you from poison.
 G - the ring "Xiarcheent" (left hand) {Wiz rElec rN+ MR++ Str-2}
   (You found it on level 2 of the Depths)

   [ring of wizardry]

   It improves your spell success rate.
   It affects your strength (-2).
   It insulates you from electricity.
   It protects you from negative energy.
   It affects your resistance to hostile enchantments.
 H - the ring of Exhibitionism {rPois rC+ Str+4}
   (You acquired it on level 5 of the Vaults)

   [ring of protection from cold]

   It affects your strength (+4).
   It protects you from cold.
   It protects you from poison.
 N - a +4 amulet of reflection (around neck)
 P - the ring of Doubts (right hand) {rF+ Str+4 Int+4 Dex+4}
   (You took it off a yaktaur captain on level 4 of the Vaults)

   [ring of intelligence]

   It affects your strength (+4).
   It affects your intelligence (+4).
   It affects your dexterity (+4).
   It protects you from fire.
 S - the ring "Zosean" {rPois rN++ MP+9 Str+9 Dex-4 SInv}
   (You took it off a deep elf knight on level 3 of the Elven Halls)

   [ring of see invisible]

   It affects your strength (+9).
   It affects your dexterity (-4).
   It protects you from poison.
   It greatly protects you from negative energy.
   It affects your magic capacity (+9).
   It lets you see invisible.
 T - the ring "Eppiku" {+Blink rF+ rN+ MR+ Str+2}
   (You found it on level 6 of the Lair of Beasts)

   [ring of protection from magic]

   It affects your strength (+2).
   It protects you from fire.
   It protects you from negative energy.
   It affects your resistance to hostile enchantments.
   It lets you blink.
Wands
 u - a wand of digging (85)
 Z - a wand of acid (16)
Scrolls
 e - 15 scrolls of teleportation
 r - 4 scrolls of vulnerability
 E - 10 scrolls of fear
 J - 4 scrolls of magic mapping
 Q - a scroll of blinking
 R - 2 scrolls of silence
Potions
 f - 4 potions of invisibility
 l - 2 potions of magic
 o - 6 potions of resistance
 p - 5 potions of agility
 t - 17 potions of curing
 z - 2 potions of haste
 A - a potion of might
 I - 9 potions of brilliance
 Y - 3 potions of cancellation
Books
 D - a manual of Charms
Miscellaneous
 g - a lamp of fire
 k - a fan of gales
 v - a lightning rod (4/4)
 y - a phial of floods
 F - a sack of spiders
 K - 5 phantom mirrors
Comestibles
 c - 27 rations


   Skills:
 O Level 27 Fighting
 - Level 16.0 Maces & Flails
 - Level 18.2 Armour
 - Level 9.2 Dodging
 - Level 4.1 Stealth
 - Level 23.1 Shields
 + Level 15.8 Spellcasting
 - Level 23.1 Conjurations
 * Level 19.2 Translocations
 * Level 24.4 Fire Magic
 - Level 20.0 Earth Magic
 O Level 27 Invocations
 + Level 15.2 Evocations


You had 4 spell levels left.
You knew the following spells:

 Your Spells              Type           Power        Failure   Level  Hunger
a - Iron Shot             Conj/Erth      ########..   1%          6    ##.....
b - Ignition              Fire           ########..   1%          8    ######.
c - Fireball              Conj/Fire      ########..   0%          5    None
d - Bolt of Fire          Conj/Fire      ########..   1%          6    ##.....
e - Lehudib's Crystal Sp  Conj/Erth      ########..   1%          8    ######.
f - Blink                 Tloc           N/A          0%          2    None
g - Fire Storm            Conj/Fire      ########..   8%          9    #######
h - Summon Butterflies    Summ           ###.....     1%          1    None
j - Controlled Blink      Tloc           N/A          3%          8    ######.

Your spell library contained the following spells:

 Spells                   Type           Power        Failure   Level  Hunger
 Apportation              Tloc           ######       0%          1    None
 Flame Tongue             Conj/Fire      #####        0%          1    None
 Magic Dart               Conj           ####         0%          1    None
 Searing Ray              Conj           ######       0%          2    None
 Throw Flame              Conj/Fire      ######       0%          2    None
 Conjure Flame            Conj/Fire      ########     0%          3    None
 Gell's Gravitas          Tloc           #######...   0%          3    None
 Lesser Beckoning         Tloc           #######...   0%          3    None
 Stone Arrow              Conj/Erth      ######       0%          3    None
 Teleport Other           Tloc           #######.     0%          3    None
 Force Lance              Conj/Tloc      ########     0%          4    None
 Iskenderun's Mystic Bla  Conj           ########     0%          4    None
 Passage of Golubria      Tloc           N/A          0%          4    None
 Sticky Flame             Conj/Fire      ########     0%          4    None
 Animate Skeleton         Necr           N/A          1%          1    None
 Beastly Appendage        Tmut           ###...       1%          1    None
 Confusing Touch          Hex            ###...       1%          1    None
 Corona                   Hex            ###....      1%          1    None
 Freeze                   Ice            ###.         1%          1    None
 Infusion                 Chrm           ###.         1%          1    None
 Pain                     Necr           ###.         1%          1    None
 Shock                    Conj/Air       ####         1%          1    None
 Sting                    Conj/Pois      ####         1%          1    None
 Summon Small Mammal      Summ           ###.         1%          1    None
 Call Imp                 Summ           ###.....     1%          2    None
 Corpse Rot               Necr           N/A          1%          2    None
 Ensorcelled Hibernation  Hex/Ice        ###...       1%          2    None
 Poisonous Vapours        Pois/Air       ###...       1%          2    None
 Shroud of Golubria       Chrm/Tloc      ######....   1%          2    None
 Slow                     Hex            ###.....     1%          2    None
 Song of Slaying          Chrm           ###.....     1%          2    None
 Sticks to Snakes         Tmut           ###.....     1%          2    None
 Throw Frost              Conj/Ice       ######       1%          2    None
 Dazzling Spray           Conj/Hex       ######       1%          3    None
 Ignite Poison            Fire/Tmut/Pois ######..     1%          3    None
 Inner Flame              Hex/Fire       #######.     1%          3    None
 Mephitic Cloud           Conj/Pois/Air  ######..     1%          3    None
 Portal Projectile        Hex/Tloc       ######       1%          3    None
 Recall                   Summ/Tloc      N/A          1%          3    None
 Static Discharge         Conj/Air       #######.     1%          3    None
 Fulminant Prism          Conj/Hex       #######...   1%          4    None
 Petrify                  Tmut/Erth      ######..     1%          4    None
 Throw Icicle             Conj/Ice       #######.     1%          4    None
 Call Canine Familiar     Summ           ###.....     4%          3    None
 Confuse                  Hex            ###.....     4%          3    None
 Ozocubu's Armour         Chrm/Ice       ###.....     4%          3    None
 Regeneration             Chrm/Necr      ###.......   4%          3    None
 Spectral Weapon          Hex/Chrm       ###.....     4%          3    None
 Spider Form              Tmut/Pois      ###.......   4%          3    None
 Summon Guardian Golem    Hex/Summ       ###.....     4%          3    None
 Tukima's Dance           Hex            ###.....     4%          3    None
 Vampiric Draining        Necr           ###.......   4%          3    None
 Animate Dead             Necr           N/A          13%         4    None
 Cause Fear               Hex            ###.......   13%         4    None
 Ice Form                 Ice/Tmut       ###.....     13%         4    None
 Olgreb's Toxic Radiance  Pois           ###.....     13%         4    None
 Summon Ice Beast         Ice/Summ       ###.....     13%         4    None
 Summon Lightning Spire   Summ/Air       ###.....     13%         4    None
 Bolt of Magma            Conj/Fire/Erth ########..   0%          5    None
 Bolt of Draining         Conj/Necr      #######...   1%          5    None
 Borgnjor's Vile Clutch   Necr/Erth      ######....   1%          5    None
 Irradiate                Conj/Tmut      #######...   1%          5    None
 Iskenderun's Battlesphe  Conj/Chrm      #######.     1%          5    None
 Lightning Bolt           Conj/Air       #######...   1%          5    None
 Venom Bolt               Conj/Pois      #######...   1%          5    None
 Bolt of Cold             Conj/Ice       #######...   1%          6    ##.....
 Conjure Ball Lightning   Conj/Air       #######...   1%          6    ##.....
 Dispersal                Tloc           #######...   1%          6    ##.....
 Poison Arrow             Conj/Pois      #######...   1%          6    ##.....
 Orb of Destruction       Conj           ########..   1%          7    #####..
 Disjunction              Tloc           #######...   3%          8    ######.
 Ring of Flames           Chrm/Fire      #######...   8%          7    #####..
 Freezing Cloud           Conj/Ice/Air   ######....   9%          6    ##.....
 Spellforged Servitor     Conj/Summ      #######...   10%         7    #####..
 Malign Gateway           Summ/Tloc      ######....   22%         7    #####..
 Agony                    Necr           ###.....     34%         5    None
 Alistair's Intoxication  Tmut/Pois      ###.....     34%         5    None
 Blade Hands              Tmut           ###.......   34%         5    None
 Dispel Undead            Necr           ###.....     34%         5    None
 Excruciating Wounds      Chrm/Necr      ###.......   34%         5    None
 Metabolic Englaciation   Hex/Ice        ###.......   34%         5    None
 Silence                  Hex/Air        ###.......   34%         5    None
 Summon Mana Viper        Hex/Summ       ###.....     34%         5    None
 Yara's Violent Unravell  Hex/Tmut       ###.......   34%         5    None
 Shatter                  Erth           #######...   34%         9    #######
 Chain Lightning          Conj/Air       #######...   56%         8    ######.
 Darkness                 Hex            ###.......   87%         6    ##.....
 Death Channel            Necr           ###.......   87%         6    ##.....
 Deflect Missiles         Chrm/Air       ###.......   87%         6    ##.....
 Invisibility             Hex            ###.....     87%         6    ##.....
 Shadow Creatures         Summ           N/A          87%         6    ##.....
 Simulacrum               Ice/Necr       ###.......   87%         6    ##.....
 Dragon Form              Tmut           ###.......   100%        7    #####..
 Haunt                    Necr/Summ      ###.......   100%        7    #####..
 Monstrous Menagerie      Summ           ###.......   100%        7    #####..
 Summon Greater Demon     Summ           ###.......   100%        7    #####..
 Summon Hydra             Summ           ###.......   100%        7    #####..
 Borgnjor's Revivificati  Necr           ###.......   100%        8    ######.
 Death's Door             Chrm/Necr      ###.......   100%        8    ######.
 Discord                  Hex            ###.......   100%        8    ######.
 Infestation              Necr           ###.......   100%        8    ######.
 Necromutation            Tmut/Necr      ###.......   100%        8    ######.
 Summon Horrible Things   Summ           ###.......   100%        8    ######.
 Dragon's Call            Summ           ###.......   100%        9    #######
 Glaciate                 Conj/Ice       #######...   100%        9    #######
 Tornado                  Air            ###.......   100%        9    #######
 Sublimation of Blood     Necr           Unusable     N/A         2    N/A

Dungeon Overview and Level Annotations

Branches:
Dungeon (15/15)            Temple (1/1) D:7            Lair (6/6) D:11
 Shoals (4/4) Lair:4        Snake (4/4) Lair:4        Slime (5/5) Lair:6
    Orc (2/2) D:11            Elf (3/3) Orc:2        Vaults (5/5) D:14
  Crypt (3/3) Vaults:3       Tomb (3/3) Crypt:3      Depths (5/5) D:15
   Hell (1/1)                 Dis (7/7) Hell            Geh (7/7) Hell
    Coc (7/7) Hell            Tar (7/7) Hell            Zot (5/5) Depths:5

Altars:
Ashenzari
Cheibriados
Dithmenos
Elyvilon
Fedhas
Gozag
Hepliaklqana
Kikubaaqudgha
Makhleb
Nemelex Xobeh
Okawaru
Qazlal
Ru
Sif Muna
Trog
Uskayaw
Vehumet
Wu Jian
Xom
Yredelemnul
Zin
The Shining One
Beogh

Shops:
D:4 *   D:5 =   D:10 *   D:13 %   Orc:1 *   Orc:2 [[[(}   Snake:1 =[!!
Vaults:1 %   Vaults:2 }   Vaults:3 %   Vaults:5 !%?(*==[   Depths:1 *
Depths:3 *   Depths:5 %

Portals:
Hell: Depths:1 Depths:2 Depths:3 Depths:4 Depths:5
Abyss: Depths:4
Pandemonium: Depths:3
Trove: Depths:2 (give +5 demon whip)

Annotations:
Lair:4 exclusion: oklob plant
Geh:7 Asmodeus


Innate Abilities, Weirdness & Mutations

You are resistant to torment.
Your stone body is resilient. (AC +20)
You are immune to poison.
Your large and strong wings let you fly indefinitely.
You resist negative energy. (rN+)
You are resistant to electric shocks. (rElec)
You can survive without breathing.
You are immune to petrification.
You are immune to rotting.
You have a pair of small antennae on your head.
You possess an exceptional clarity of mind.
You are occasionally teleported next to monsters.
Potions are less effective at restoring your health.


Message History

The bennu barely misses you. You block the bennu's attack. x3
Your +9 eveningstar of holy wrath softly glows with a divine radiance!
a - a +9 eveningstar of holy wrath (weapon)
You block the bennu's attack. The bennu barely misses you.
You block the bennu's attack. The bennu closely misses you.
You block the bennu's attack. x2
You hit the bennu.
The bennu is lightly wounded.
You block the bennu's attack. x3
The bennu jubilantly flits about.
The bennu closely misses you. The bennu misses you.
The bennu completely misses you.
You closely miss the bennu.
The bennu is lightly wounded.
The bennu pecks you but does no damage. You block the bennu's attack. x4
The bennu completely misses you. You block the bennu's attack.
The bennu claws you.
* * * LOW HITPOINT WARNING * * *
The bennu claws you!
You die...

...............#^....#
.........##....#..^^.#
........###....###'###
...#...###.....#..^..#
#..#..###......#^.^..#
#.....##.......#.^...#
..../......?...#.^.^.#
...............#..^..#
...............#@b...#
#'##############b#####
^.^.#^.........'^....#
....#...^^^...^#^....#
..^.#..........#.....#
....#>.^..^....#.....#
######################


You could see 2 bennus.

Vanquished Creatures
  Antaeus (Coc:7)
  Ereshkigal (Tar:7)
  the Royal Jelly (Slime:5)
  the Serpent of Hell (Coc:7)
  Dispater (Dis:7)
  8 ancient liches
  9 orbs of fire
  17 greater mummies
  Margery (Depths:5)
  15 shard shrikes
  2 curse toes
  Geryon (Hell)
  3 Killer Klowns
  2 caustic shrikes (Depths:5)
  5 golden dragons
  A profane servitor (Crypt:3)
  18 bone dragons
  32 Tzitzimimeh
  19 doom hounds
  3 electric golems
  11 iron giants
  13 Brimstone Fiends
  25 Orb Guardians
  25 tentacled monstrosities
  14 liches
  Rupert (Orc:2)
  14 Ice Fiends
  A shard shrike skeleton (Crypt:1)
  The ghost of Zarkath the Severer, an adept DsGl of Makhleb (Depths:2)
  8 Hell Sentinels
  A deep elf blademaster (Elf:3)
  A deep elf master archer (Elf:3)
  8 quicksilver dragons
  4 death cobs
  6 titans
  2 Executioners
  27 ancient champions
  Polyphemus (Shoals:4)
  27 acid blobs
  14 sphinxes
  Agnes (D:14)
  8 storm dragons
  9 tentacled starspawn
  12 tengu reavers
  21 azure jellies
  16 shadow dragons
  An azure jelly (shapeshifter) (Zig:5)
  3 revenants
  16 fire giants
  8 nagarajas
  4 draconian monks
  Donald (Elf:3)
  3 ghost moths
  6 draconian knights
  12 iron dragons
  9 deep elf sorcerers
  11 frost giants
  16 vault wardens
  3 draconian scorchers
  A spectral juggernaut (Depths:2)
  2 curse skulls
  2 cacodemons
  Louise (D:15)
  7 deep elf elementalists
  11 ghouls
  A spectral caustic shrike (Depths:2)
  4 draconian shifters
  11 balrugs
  12 ironheart preservers
  4 spriggan defenders (Depths:5)
  7 draconian annihilators
  24 very ugly things
  3 elemental wellsprings
  6 draconian stormcallers
  22 war gargoyles
  87 reapers
  18 stone giants
  5 green draconians
  A caustic shrike skeleton (Crypt:3)
  11 vampire knights
  A spectral titan (Depths:2)
  2 lorocyprocas
  4 bennus (Tomb:3)
  19 purple draconians
  9 black draconians
  Azrael (D:12)
  10 deep elf annihilators
  9 deep elf demonologists
  6 merfolk javelineers
  8 spark wasps
  8 statues (WizLab)
  A yellow draconian (Zot:2)
  12 red draconians
  7 white draconians
  Snorg (Orc:1)
  5 deep elf death magi
  18 mummy priests
  17 ettins
  8 death oozes
  10 merfolk impalers
  6 quicksilver dragon zombies
  A green death (Dis:7)
  5 eidola
  9 blizzard demons
  7 deep elf high priests
  2 spectral krakens (Tar:7)
  14 jiangshi
  8 fire dragons
  11 ogre magi
  Erolcha (D:9)
  A spectral tengu (Depths:2)
  40 vault guards
  15 yaktaur captains
  2 spectral shadow dragons (Depths:2)
  17 great orbs of eyes
  5 catoblepae
  8 rakshasas
  11 naga warriors
  Fannar (Orc:1)
  2 kraken zombies
  32 ice dragons
  4 quicksilver dragon skeletons
  6 ghost crabs
  4 spriggan air magi
  A hell beast (Coc:2)
  8 centaur warriors
  8 hydras
  4 anacondas
  5 death knights
  An anaconda (shapeshifter) (Vaults:5)
  5 merfolk avatars
  2 alligator snapping turtles
  73 dancing weapons
  A satyr (Shoals:3)
  5 tengu warriors
  8 death yaks
  8 deep troll earth magi
  57 death scarabs
  30 two-headed ogres
  45 hell hogs
  8 titan zombies
  12 merfolk aquamancers
  13 deep troll shamans
  12 thrashing horrors
  A shock serpent (shapeshifter) (Vaults:5)
  16 vampire magi
  9 naga sharpshooters
  5 orc high priests
  11 spriggan berserkers
  77 hell knights
  14 small abominations
  27 soul eaters
  14 sun demons
  6 shock serpents
  11 titan skeletons
  16 deep elf knights
  8 iron golems
  7 storm dragon zombies
  7 wretched stars
  14 iron trolls
  5 shadow wraiths
  19 anaconda zombies
  2 ghost moth zombies
  2 death drakes (Tar:6)
  178 skeletal warriors
  3 storm dragon skeletons
  2 sixfirhies
  4 unseen horrors
  13 sea snakes
  10 golden dragon zombies
  37 shadow demons
  12 wizards
  32 deep trolls
  2 spatial maelstroms (Abyss:3)
  2 glowing orange brains
  A death drake (shapeshifter) (Vaults:3)
  21 flayed ghosts
  6 naga ritualists
  An orange crystal statue (Zig:3)
  7 anaconda skeletons
  A deep troll (shapeshifter) (Depths:4)
  28 phantasmal warriors
  6 golden dragon skeletons
  13 ironbrand convokers
  5 wolf spider zombies
  11 deep elf archers
  65 deep elf magi
  12 orc knights
  An orb spider (shapeshifter) (Vaults:4)
  9 shadow dragon zombies
  27 harpies
  6 shadow dragon skeletons
  8 iron dragon zombies
  11 manticores
  7 frost giant zombies
  A cyclops (shapeshifter) (Zig:5)
  6 wolf spiders
  8 fire giant zombies
  40 ugly things
  4 orc sorcerers
  6 mana vipers
  8 cyclopes
  23 necromancers
  A manticore (shapeshifter) (Vaults:5)
  A faun (shapeshifter) (Vaults:4)
  5 shining eyes
  A worldbinder (Abyss:2)
  8 stone giant zombies
  4 salamanders
  8 fire giant skeletons
  15 moths of wrath
  10 iron dragon skeletons
  6 fauns (Shoals:3)
  4 ice statues
  3 centaur zombies
  6 dire elephant zombies
  A moth of wrath (shapeshifter) (Depths:3)
  7 stone giant skeletons
  A shock serpent zombie (Geh:7)
  9 molten gargoyles
  An apocalypse crab (Zig:5)
  34 rust devils
  Maurice (Orc:1)
  27 black mambas
  9 water nymphs
  4 merfolk sirens
  13 naga magi
  An elephant (shapeshifter) (Vaults:4)
  2 guardian serpents
  A guardian serpent (shapeshifter) (Depths:5)
  2 gargoyles
  16 frost giant skeletons
  16 vault sentinels
  9 spiny frogs
  5 smoke demons
  An emperor scorpion zombie (Tar:7)
  4 eyes of devastation
  11 spectral swamp worms (Tar:7)
  2 rime drakes (shapeshifter)
  4 orange demons
  3 dire elephant skeletons
  A spiny frog (shapeshifter) (Vaults:2)
  31 hellions
  2 storm dragon simulacra (Hell)
  2 shock serpent skeletons
  53 freezing wraiths
  31 yaktaurs
  4 tengu conjurers
  5 catoblepas zombies
  47 ice devils
  A komodo dragon (shapeshifter) (D:14)
  57 tormentors
  A demonic crawler (Zig:2)
  A minotaur zombie (Geh:7)
  A spark wasp simulacrum (Depths:1)
  An anaconda simulacrum (Hell)
  11 efreet
  3 ancient zymes
  A rime drake (Lair:5)
  8 komodo dragons
  2 hellwings (Abyss:3)
  An iron troll skeleton (Crypt:2)
  A black draconian skeleton (Crypt:1)
  33 red devils
  17 hydra zombies
  4 catoblepas skeletons
  2 harpy zombies
  2 pale draconian skeletons (Crypt:2)
  4 polar bears
  3 golden dragon simulacra
  7 silent spectres
  A jumping spider (shapeshifter) (Vaults:3)
  6 meliai
  43 guardian mummies
  2 wind drakes (shapeshifter)
  41 merfolk
  A tengu simulacrum (Depths:2)
  12 trolls
  7 hornets
  A troll (shapeshifter) (Vaults:3)
  A queen bee (D:10)
  4 wind drakes
  12 hydra skeletons
  4 bog bodies
  4 harpy skeletons
  A sphinx simulacrum (Depths:2)
  A slime creature (shapeshifter) (Depths:3)
  An iron dragon simulacrum (Crypt:1)
  A polar bear (shapeshifter) (Vaults:3)
  14 hippogriffs
  72 slime creatures
  Grinder (D:6)
  2 raiju (Abyss:2)
  5 ice dragon zombies
  8 blink frogs
  A tarantella zombie (Crypt:2)
  16 ettin zombies
  A blink frog (shapeshifter) (Vaults:1)
  9 snapping turtles
  6 dream sheep
  11 large abominations
  A meliai zombie (D:14)
  18 alligator zombies
  A human simulacrum (Vaults:3)
  8 ice dragon skeletons
  9 fire dragon zombies
  52 yaks
  4 vampires
  173 flying skulls
  A centaur simulacrum (D:14)
  3 wyverns
  4 spriggans
  35 shadows
  23 starcursed masses
  A black mamba zombie (Geh:2)
  An air elemental (Elf:3)
  2 tarantellas (Zig:2)
  7 ushabtiu
  A human (D:8)
  A yak (shapeshifter) (Vaults:3)
  3 hogs (D:8)
  6 basilisks
  4 fire bats
  8 fire dragon skeletons
  2 spriggans (shapeshifter)
  37 water elementals
  5 ettin skeletons
  A hog (shapeshifter) (Abyss:3)
  45 wraiths
  5 alligator skeletons
  31 fire elementals
  13 hungry ghosts
  A dire elephant simulacrum (Crypt:1)
  6 chaos spawn
  6 ynoxinuls
  A golden eye (shapeshifter) (Vaults:1)
  2 merfolk zombies
  6 vampire mosquitoes
  4 neqoxecs (Abyss:3)
  3 wargs
  Menkaure (D:4)
  A yaktaur simulacrum (Vaults:3)
  Edmund (D:4)
  A torturous demonspawn zombie (Tar:5)
  A soldier ant (shapeshifter) (Abyss:2)
  An orb spider zombie (Crypt:1)
  70 nagas
  2 soldier ants
  4 acid dragons
  A gelid demonspawn zombie (Crypt:1)
  7 water moccasins
  2 floating eyes (Depths:5)
  Duvessa (D:4)
  7 spiny frog zombies
  4 porcupines
  9 human skeletons
  2 hydra simulacra (Coc:2)
  123 hell hounds
  11 spiny frog skeletons
  35 orc warriors
  8 sky beasts
  7 snapping turtle zombies
  A gelid demonspawn skeleton (Crypt:1)
  4 swamp dragon zombies
  5 black bears
  2 manticore zombies
  14 eyes of draining
  A hornet zombie (D:13)
  21 ice beasts
  31 necrophages
  10 phantoms
  An alligator simulacrum (Coc:1)
  12 centaurs
  29 ogres
  3 boggarts
  8 wolves (Lair:4)
  A blink frog skeleton (Crypt:3)
  2 manticore skeletons
  3 swamp dragon skeletons
  10 crocodiles
  8 snapping turtle skeletons
  5 big kobolds
  A salamander zombie (Crypt:1)
  Blork the orc (D:4)
  16 bullfrogs
  3 earth elementals (Elf:3)
  2 wyvern zombies
  A spiny frog simulacrum (Coc:1)
  3 water moccasin zombies (Ossuary)
  A wyvern skeleton (D:13)
  4 scorpions
  Dowan (D:4)
  A troll zombie (Dis:7)
  32 killer bees
  102 wights
  A raiju skeleton (Crypt:2)
  2 electric eels (Lair:4)
  19 crimson imps
  3 bullfrog zombies
  A quasit (D:7)
  A wolf skeleton (Crypt:2)
  3 bullfrog skeletons
  2 jellies
  31 orc priests
  A soldier ant zombie (Crypt:2)
  5 hounds
  38 iron imps
  6 human zombies
  4 centaur skeletons
  A demonspawn skeleton (Crypt:3)
  Ijyb (D:4)
  34 orc wizards
  10 worker ants
  3 iguanas
  16 hell rats (Hell)
  A sky beast zombie (Crypt:2)
  An ogre zombie (Crypt:3)
  3 big kobold zombies (Ossuary)
  A naga zombie (Geh:2)
  A tengu zombie (Coc:1)
  A naga skeleton (Coc:2)
  2 tengu skeletons
  3 hound skeletons
  41 mummies
  Robin (D:4)
  9 gnolls
  11 adders
  21 shadow imps
  22 white imps
  An ufetubus (Abyss:2)
  An ooze (D:2)
  4 adder zombies (Ossuary)
  A lava snake skeleton (Crypt:3)
  2 worms
  3 dart slugs
  9 leopard geckos
  104 orcs
  10 bats
  7 giant cockroaches
  15 goblins
  14 hobgoblins
  18 jackals
  25 kobolds
  3 quokkas
  2 ball pythons
  3 frilled lizards
  3 gnoll zombies
  6 hobgoblin zombies
  A jackal skeleton (D:4)
  2 kobold skeletons
  10 kobold zombies
  An orc skeleton (Tar:6)
  8 orc zombies (Ossuary)
  A quokka skeleton (D:5)
  A quokka zombie (Crypt:3)
  6 rats
  5 crawling corpses (Elf:3)
  A fire vortex (Geh:2)
  A fungus (Depths:4)
  5 pillars of salt
  7 starspawn tentacles
  7 tentacles
  A withered plant (Shoals:1)
4969 creatures vanquished.

Vanquished Creatures (collateral kills)
  Nikola (Elf:3)
  2 storm dragons (Zot:5)
  A white draconian (Zot:5)
  A deep elf mage (Elf:3)
  A human zombie (Dis:7)
  A pillar of salt (Dis:7)
7 creatures vanquished.

Vanquished Creatures (others)
  A lich (Depths:4)
  A deep elf master archer (Elf:3)
  An ancient champion (Tomb:2)
  2 eldritch tentacles
  A tentacled starspawn (Abyss:2)
  An iron dragon (Vaults:5)
  A vault warden (Vaults:5)
  A draconian stormcaller (Zot:4)
  2 elemental wellsprings
  5 stone giants
  2 red draconians (Zot:4)
  A deep elf annihilator (Elf:3)
  A statue (WizLab)
  A mummy priest (Crypt:3)
  4 merfolk javelineers
  3 yaktaur captains
  A deep elf high priest (Elf:1)
  A satyr (Shoals:3)
  15 death scarabs
  2 naga sharpshooters
  3 hell hogs
  A death drake (Tar:2)
  A shadow dragon zombie (Tomb:2)
  3 deep elf archers
  A deep troll (Depths:3)
  A necromancer (Geh:3)
  5 cyclopes
  3 deep elf magi
  A faun (Shoals:3)
  An ugly thing (Depths:1)
  A naga mage (Snake:4)
  2 hellions (Geh:7)
  A tormentor (Geh:7)
  11 yaktaurs
  2 guardian mummies
  A merfolk (Shoals:4)
  An ancient zyme (Abyss:3)
  An air elemental (Elf:3)
  2 flying skulls
  A shadow (Geh:4)
  2 water elementals
  A fire elemental (Geh:7)
  2 hell hounds (Geh:7)
  A snapping turtle zombie (Tomb:2)
  A necrophage (Tar:2)
  2 centaurs
  4 wights
  A crimson imp (Geh:7)
  3 iron imps (Dis:7)
  3 mummies (Tomb:2)
  2 white imps (Coc:7)
  A ball lightning (Zot:5)
  A goblin (D:4)
  A crawling corpse (Elf:3)
  A fire vortex (Depths:2)
  3 fungi
  86 pillars of salt
  18 plants
  32 starspawn tentacles
  11 tentacles
266 creatures vanquished.

Grand Total: 5242 creatures vanquished

Notes
Turn   | Place    | Note
-------+----------+-------------------------------------------
     0 | D:1      | PlayingRandomsOnly the Gargoyle Monk began the quest for
                  | the Orb.
     0 | D:1      | Reached XP level 1. HP: 14/14 MP: 1/1
   165 | D:1      | Reached XP level 2. HP: 19/19 MP: 2/2
   232 | D:1      | Reached skill level 1 in Armour
   419 | D:1      | Reached XP level 3. HP: 23/23 MP: 3/3
  1227 | D:2      | Found a white marble altar of Elyvilon.
  1347 | D:2      | Reached XP level 4. HP: 28/28 MP: 4/4
  1672 | D:2      | Found a hazy altar of Hepliaklqana.
  1672 | D:2      | Found an ornate altar of the Wu Jian Council.
  1672 | D:2      | Found a shimmering altar of Xom.
  1680 | D:2      | Became a worshipper of the Wu Jian Council
  1680 | D:2      | Reached * piety under Wu Jian
  1680 | D:2      | Reached ** piety under Wu Jian
  2319 | D:3      | Reached XP level 5. HP: 32/32 MP: 5/5
  2351 | D:3      | Noticed a big kobold
  2558 | D:3      | Reached skill level 5 in Maces & Flails
  2674 | D:3      | Found a transporter.
  2676 | D:3      | Found a transporter.
  2989 | D:3      | Killed a big kobold
  2989 | D:3      | Reached XP level 6. HP: 34/37 MP: 6/6
  3061 | D:3      | Found a sacrificial altar of Ru.
  3540 | D:4      | Noticed Robin
  3547 | D:4      | Killed Robin
  3589 | D:4      | Found a radiant altar of Vehumet.
  3629 | D:4      | Noticed Duvessa
  3651 | D:4      | Noticed Dowan
  3712 | D:4      | Reached XP level 7. HP: 41/41 MP: 7/7
  3756 | D:4      | Learned a level 3 spell: Conjure Flame
  3762 | D:4      | Noticed Blork the orc
  3775 | D:4      | Killed Blork the orc
  3912 | D:4      | Noticed Edmund
  3926 | D:4      | Killed Edmund
  3993 | D:4      | Reached skill level 5 in Armour
  4026 | D:4      | Noticed Menkaure
  4031 | D:4      | Killed Menkaure
  4031 | D:4      | Reached XP level 8. HP: 46/46 MP: 8/8
  4054 | D:4      | Found Feesined's Assorted Antiques.
  4249 | D:4      | Killed Dowan
  4262 | D:4      | Killed Duvessa
  4526 | D:4      | Noticed Ijyb
  4545 | D:4      | Killed Ijyb
  4690 | D:5      | Entered Level 5 of the Dungeon
  4704 | D:5      | Reached *** piety under Wu Jian
  4813 | D:5      | Found a sand-covered staircase.
  4826 | Ossuary  | Entered an ossuary
  5032 | Ossuary  | Reached **** piety under Wu Jian
  5572 | D:5      | Found Cufeatat's Jewellery Shop.
  5735 | D:5      | Reached XP level 9. HP: 51/51 MP: 9/9
  5982 | D:6      | Reached skill level 10 in Maces & Flails
  6128 | D:6      | Noticed Grinder
  6266 | D:6      | Found a snail-covered altar of Cheibriados.
  6476 | D:6      | Killed Grinder
  7127 | D:7      | Reached skill level 1 in Conjurations
  7164 | D:7      | Reached skill level 1 in Fire Magic
  7412 | D:7      | Found a staircase to the Ecumenical Temple.
  7499 | D:7      | Reached ***** piety under Wu Jian
  7501 | D:7      | Reached XP level 10. HP: 56/56 MP: 10/10
  9470 | D:4      | Bought a pair of encrusted gloves for 285 gold pieces
  9480 | D:4      | Identified the cursed +0 pair of gloves of Vampiric Thralls
                  | {rF- rC++} (You bought it in a shop on level 4 of the
                  | Dungeon)
 10165 | D:9      | Noticed Erolcha
 10174 | D:9      | Killed Erolcha
 10174 | D:9      | Reached skill level 5 in Fighting
 10174 | D:9      | Reached skill level 5 in Conjurations
 10174 | D:9      | Reached XP level 11. HP: 48/64 MP: 11/11
 10291 | D:10     | Entered Level 10 of the Dungeon
 10572 | D:10     | Reached skill level 5 in Fire Magic
 10951 | D:10     | Noticed a two-headed ogre
 10967 | D:10     | Killed a two-headed ogre
 11063 | D:10     | Killed an unseen horror
 11416 | D:10     | Found an opulent altar of Gozag.
 11416 | D:10     | Found Gozag's Platinum Reserve.
 11584 | D:11     | Found a staircase to the Orcish Mines.
 11746 | D:11     | Noticed a two-headed ogre
 11755 | D:11     | Killed a two-headed ogre
 11861 | D:11     | Found a staircase to the Lair.
 12212 | D:12     | Noticed a cyclops
 12421 | Lair:1   | Entered Level 1 of the Lair of Beasts
 12468 | Lair:1   | Noticed a four-headed hydra
 12500 | Lair:1   | Reached XP level 12. HP: 34/72 MP: 12/12
 12704 | Lair:1   | Killed a four-headed hydra
 13434 | Lair:2   | Noticed a six-headed hydra
 13445 | Lair:2   | Killed a six-headed hydra
 13445 | Lair:2   | Reached skill level 10 in Armour
 13449 | Lair:2   | Noticed a five-headed hydra
 13467 | Lair:2   | Killed a five-headed hydra
 14473 | Lair:3   | Noticed an eight-headed hydra
 14632 | Lair:3   | Killed an eight-headed hydra
 15577 | Lair:4   | Noticed a six-headed hydra
 15708 | Lair:4   | Killed a six-headed hydra
 16120 | Lair:4   | Reached XP level 13. HP: 64/76 MP: 13/13
 16200 | Lair:4   | Found a staircase to the Shoals.
 16318 | Lair:4   | Found a staircase to the Snake Pit.
 17849 | Lair:5   | You fall through a shaft!
 17849 | Lair:6   | Entered Level 6 of the Lair of Beasts
 17862 | Lair:6   | Reached skill level 1 in Spellcasting
 17873 | Lair:5   | You fall through a shaft!
 18512 | Lair:6   | Identified a scroll of acquirement
 19669 | Lair:6   | Found the +8 frozen axe "Frostbite" {freezing cloud, *Noise
                  | +Fly rC+}
 19840 | Lair:6   | Found a staircase to the Slime Pits.
 21039 | Lair:6   | Gained mutation: Your large and strong wings let you fly
                  | indefinitely. [Gargoyle growth]
 21039 | Lair:6   | Reached XP level 14. HP: 32/84 MP: 20/20
 21435 | Lair:6   | Got a warped lapis lazuli ring
 21440 | Lair:6   | Identified the ring "Eppiku" {+Blink rF+ rN+ MR+ Str+2}
                  | (You found it on level 6 of the Lair of Beasts)
 22482 | D:12     | Noticed Azrael
 22754 | D:12     | Killed Azrael
 23028 | D:12     | Reached skill level 1 in Shields
 23028 | D:12     | Reached skill level 5 in Spellcasting
 23028 | D:12     | Reached skill level 10 in Fire Magic
 24859 | D:13     | Found Kufeomp's Food Shoppe.
 25063 | D:13     | Reached ****** piety under Wu Jian
 26071 | Orc:1    | Entered Level 1 of the Orcish Mines
 26071 | Orc:1    | Noticed Fannar
 26089 | Orc:1    | Noticed Snorg
 26091 | Orc:1    | Killed Fannar
 26098 | Orc:1    | Killed Snorg
 26112 | Orc:1    | Found Mira's General Store.
 26171 | Orc:1    | Noticed Maurice
 26236 | Orc:1    | Found a roughly hewn altar of Beogh.
 26248 | Orc:1    | Reached skill level 15 in Maces & Flails
 26299 | Orc:1    | Found a dark tunnel.
 26307 | Volcano  | Entered a volcano
 26341 | Volcano  | Reached XP level 15. HP: 87/90 MP: 23/23
 26792 | Orc:1    | Killed Maurice
 27226 | Orc:2    | Entered Level 2 of the Orcish Mines
 27290 | Orc:2    | Found a frozen archway.
 27412 | IceCv    | Entered an ice cave
 28106 | IceCv    | Identified the Incunabulum of Combat Magic and Necromancy
 28691 | D:14     | Noticed Agnes
 28720 | D:14     | Killed Agnes
 28720 | D:14     | Reached skill level 5 in Shields
 29364 | D:14     | Found a gate to the Vaults.
 29630 | D:15     | Entered Level 15 of the Dungeon
 31056 | D:15     | Noticed Louise
 31068 | D:15     | Killed Louise
 31460 | D:15     | Found a staircase to the Depths.
 32411 | Orc:2    | Found Ralouh's Antique Armour Shoppe.
 32421 | Orc:2    | Noticed Rupert
 32453 | Orc:2    | Killed Rupert
 32888 | Orc:2    | Reached skill level 5 in Dodging
 33079 | Orc:2    | Found a staircase to the Elven Halls.
 33101 | Orc:2    | Found a roughly hewn altar of Beogh.
 33435 | Orc:2    | Found Kunwysho's Antique Weapon Shop.
 33435 | Orc:2    | Found Bosk's Antique Armour Boutique.
 33438 | Orc:2    | Found Mityaf's Armour Boutique.
 33440 | Orc:2    | Found Peghobum's Gadget Shop.
 33445 | Orc:2    | Bought a scorched ring mail for 252 gold pieces
 33511 | Orc:1    | Bought a scroll of identify for 24 gold pieces
 33511 | Orc:1    | Identified the cursed +0 ring mail of Emoriw {+Blink rPois
                  | rF-} (You bought it in a shop on level 2 of the Orcish
                  | Mines)
 33649 | Shoals:1 | Entered Level 1 of the Shoals
 33743 | Shoals:1 | Reached XP level 16. HP: 49/96 MP: 24/24
 34269 | Shoals:1 | Reached skill level 10 in Shields
 34889 | Snake:1  | Entered Level 1 of the Snake Pit
 35339 | Snake:1  | Found Wicuyqex's Jewellery Emporium.
 35347 | Snake:1  | Found Jinnos's Distillery.
 35347 | Snake:1  | Found Xuixolud's Antique Armour Emporium.
 35358 | Snake:1  | Found Cosmok's Distillery.
 35361 | Snake:1  | Bought a potion of might for 68 gold pieces
 35361 | Snake:1  | Bought a potion of heal wounds for 85 gold pieces
 35361 | Snake:1  | Bought a potion of haste for 170 gold pieces
 35361 | Snake:1  | Bought a potion of haste for 170 gold pieces
 35364 | Snake:1  | Bought a potion of haste for 170 gold pieces
 35364 | Snake:1  | Bought a potion of invisibility for 136 gold pieces
 36086 | Depths:1 | Entered Level 1 of the Depths
 36093 | Depths:1 | Reached skill level 10 in Conjurations
 36692 | Depths:1 | Found Bizoplup's Assorted Antiques.
 36701 | Depths:1 | Bought an amulet of reflection for 42 gold pieces
 36822 | Depths:1 | Noticed a tengu reaver
 36839 | Depths:1 | Killed a tengu reaver
 36856 | Depths:1 | Found a gateway to Hell.
 36902 | Depths:1 | Noticed a lich
 36926 | Depths:1 | Noticed a Brimstone Fiend
 36932 | Depths:1 | Killed a lich
 37538 | Depths:1 | Paralysed by a great orb of eyes for 2 turns
 37558 | Depths:1 | Reached XP level 17. HP: 38/101 MP: 25/25
 37572 | Depths:1 | Reached skill level 10 in Fighting
 40381 | Snake:4  | Entered Level 4 of the Snake Pit
 41287 | Snake:4  | Reached XP level 18. HP: 57/110 MP: 26/26
 41760 | Snake:4  | Got a serpentine rune of Zot
 44051 | Shoals:3 | Reached skill level 15 in Shields
 44078 | Shoals:3 | Reached skill level 15 in Fire Magic
 44802 | Shoals:4 | Entered Level 4 of the Shoals
 45196 | Shoals:4 | Got an ebony flail
 45197 | Shoals:4 | Identified the +8 flail of Feiwul {elec, rF- Str+2 Int+3}
                  | (You found it on level 4 of the Shoals)
 45982 | Shoals:3 | Reached XP level 19. HP: 46/117 MP: 27/27
 46245 | Shoals:4 | Noticed Polyphemus
 46266 | Shoals:4 | Killed Polyphemus
 46844 | Shoals:4 | Got a barnacled rune of Zot
 47336 | Shoals:4 | Got a twisted lajatang
 47676 | Elf:1    | Entered Level 1 of the Elven Halls
 47821 | Vaults:1 | Entered Level 1 of the Vaults
 48962 | Vaults:1 | Found Imediona's Food Emporium.
 50375 | Vaults:2 | Reached XP level 20. HP: 125/125 MP: 28/28
 50800 | Vaults:2 | Found Ackuvelo's Gadget Boutique.
 50932 | Vaults:2 | Got a faintly humming helmet
 51064 | Vaults:2 | Got a spiked buckler
 51762 | Vaults:3 | Found Bahidoz's Food Emporium.
 53199 | Vaults:3 | Learned a level 3 spell: Regeneration
 53523 | Vaults:3 | Reached XP level 21. HP: 73/132 MP: 31/31
 53529 | Vaults:3 | Paralysed by an ogre mage for 2 turns
 53829 | Vaults:3 | Found a staircase to the Crypt.
 54740 | Vaults:4 | Got a smoking tin ring
 55370 | Vaults:3 | Identified the cursed +0 helmet "Rolonici" {Int+3 Dex+2}
                  | (You found it on level 2 of the Vaults)
 55408 | Vaults:3 | Identified the ring of Doubts {rF+ Str+4 Int+4 Dex+4} (You
                  | took it off a yaktaur captain on level 4 of the Vaults)
 55493 | Vaults:2 | Identified the +3 buckler of the Iron Devil {rPois SInv}
                  | (You found it on level 2 of the Vaults)
 56274 | Crypt:1  | Entered Level 1 of the Crypt
 57065 | Crypt:1  | Reached skill level 15 in Fighting
 57478 | Crypt:2  | Reached skill level 1 in Evocations
 58318 | Crypt:3  | Entered Level 3 of the Crypt
 58364 | Crypt:3  | Reached XP level 22. HP: 121/140 MP: 35/35
 58953 | Crypt:3  | Found a magical portal.
 58960 | WizLab   | Entered Iskenderun's Mystic Tower
 59382 | WizLab   | Reached skill level 15 in Armour
 59816 | WizLab   | Identified Iskenderun's Volume of Conjuration
 59816 | WizLab   | Identified Iskenderun's Disquisition on Arcane Weapons
 60016 | Crypt:3  | Learned a level 5 spell: Fireball
 60023 | Crypt:3  | Learned a level 6 spell: Bolt of Fire
 60356 | Crypt:3  | Paralysed by a sphinx for 5 turns
 60567 | Crypt:3  | Reached skill level 5 in Evocations
 60819 | Crypt:3  | Got a warped lead ring
 60955 | Crypt:3  | Identified the ring of Ogeppilin {rF+ rC+ rN+ MR- Str+4}
                  | (You took it off a vampire mage on level 3 of the Crypt)
 60991 | Crypt:3  | Found a staircase to the Tomb.
 61236 | Crypt:3  | Found an ancient bone altar of Kikubaaqudgha.
 61242 | Crypt:3  | Found a basalt altar of Yredelemnul.
 61247 | Crypt:3  | Noticed a curse toe
 61257 | Crypt:3  | Killed a curse toe
 61289 | Crypt:3  | Got a coiled lapis lazuli ring
 61289 | Crypt:3  | Got a twitching graven amulet
 61303 | Crypt:3  | Found the cursed necklace of Bloodlust {*Rage +Rage MR++
                  | Int-3 Slay+6 *Curse}
 61311 | Crypt:3  | Got a scorched helmet
 61315 | Crypt:3  | Identified the +3 helmet "Govvonu" {+Fly} (You found it on
                  | level 3 of the Crypt)
 61375 | Crypt:2  | Identified the ring of False Pretenses {rElec rPois rN+
                  | Dex-3} (You found it on level 3 of the Crypt)
 61384 | Crypt:2  | Identified the amulet "Isaolo" {MR- Regen+ Str+5} (You
                  | found it on level 3 of the Crypt)
 62154 | Elf:1    | Reached XP level 23. HP: 134/147 MP: 36/36
 62221 | Elf:1    | Found the +3 salamander hide armour {+Rage rF++}
 62331 | Elf:1    | Learned a level 8 spell: Ignition
 62887 | Elf:2    | Found a huge runed gate.
 62887 | Elf:2    | Found a huge runed gate.
 62887 | Elf:2    | Found a huge runed gate.
 62888 | Elf:2    | Found a huge runed gate.
 62895 | Elf:2    | Found a huge runed gate.
 63799 | Elf:3    | Entered Level 3 of the Elven Halls
 63826 | Elf:3    | Noticed Nikola
 63839 | Elf:3    | Killed Nikola
 64101 | Elf:3    | Noticed Donald
 64117 | Elf:3    | Killed Donald
 64502 | Elf:3    | Found an ancient bone altar of Kikubaaqudgha.
 64837 | Elf:3    | Gained mutation: Your body sometimes deteriorates upon
                  | taking damage. [a cacodemon]
 65034 | Elf:3    | Got a twitching lapis lazuli ring
 65068 | Elf:3    | Identified the ring of Ynumel {AC+2 Int+4 Dex+4} (You took
                  | it off a deep elf annihilator on level 3 of the Elven
                  | Halls)
 65108 | Elf:3    | Got a clouded platinum ring
 65209 | Elf:3    | Identified the Guide on Spatial Evil Magic
 65350 | Elf:3    | Identified the ring "Zosean" {rPois rN++ MP+9 Str+9 Dex-4
                  | SInv} (You took it off a deep elf knight on level 3 of the
                  | Elven Halls)
 65839 | Depths:1 | Learned a level 2 spell: Blink
 65988 | Depths:2 | Paralysed by a great orb of eyes for 4 turns
 66107 | Depths:2 | Reached XP level 24. HP: 156/156 MP: 16/36
 66261 | Depths:2 | Found a portal to a secret trove of treasure.
 66302 | Depths:2 | Found a runed gate.
 66302 | Depths:2 | Found a runed gate.
 66304 | Depths:2 | Found a runed gate.
 66410 | Depths:2 | Noticed an ancient lich
 66410 | Depths:2 | Noticed Zarkath's ghost (adept DsGl)
 66411 | Depths:2 | Noticed an ancient lich
 66783 | Orc:2    | Bought quicksilver dragon scales for 1560 gold pieces
 67986 | Depths:2 | HP: 3/156 [frost giant/bolt of cold (44)]
 68601 | Depths:2 | Reached skill level 10 in Spellcasting
 68834 | Depths:2 | Got a scorched steel ring
 69257 | Depths:2 | Identified the ring "Xiarcheent" {Wiz rElec rN+ MR++ Str-2}
                  | (You found it on level 2 of the Depths)
 69270 | Depths:2 | Learned a level 9 spell: Fire Storm
 69448 | Depths:3 | Found a gateway to a ziggurat.
 69615 | Depths:3 | Found a one-way gate leading to the halls of Pandemonium.
 70083 | Depths:3 | Found Ubahu's Elemental Accessories.
 71461 | Depths:4 | Reached XP level 25. HP: 162/162 MP: 36/37
 71793 | Depths:4 | Found a one-way gate to the infinite horrors of the Abyss.
 72193 | Depths:4 | Found a transporter.
 72199 | Depths:4 | Found a radiant altar of Vehumet.
 72202 | Depths:4 | Learned a level 1 spell: Summon Butterflies
 72411 | Depths:4 | Found a transporter.
 72694 | Depths:5 | Entered Level 5 of the Depths
 72774 | Depths:5 | Got a brightly glowing platinum ring
 73146 | Depths:5 | Paralysed by a floating eye for 4 turns
 73307 | Depths:4 | Identified the ring "Xongu" {Str+2 Slay+2} (You found it on
                  | level 5 of the Depths)
 73400 | Depths:5 | Noticed a juggernaut
 73758 | Depths:5 | Reached skill level 15 in Conjurations
 73777 | Depths:5 | Got a pitted pewter ring
 73912 | Depths:5 | Identified the ring "Wadaof" {*Drain rC+ Str+3 SInv} (You
                  | found it on level 5 of the Depths)
 73922 | Depths:5 | Paralysed by a floating eye for 4 turns
 73931 | Depths:5 | Found Elasmops's Food Emporium.
 74392 | Depths:5 | Got a translucent amber ring
 74679 | Depths:5 | Found Aquimibo's Antique Weapon Emporium.
 74726 | Depths:5 | Identified the ring "Menirph" {rPois rF+ Str-2 SInv} (You
                  | found it on level 5 of the Depths)
 74832 | Depths:5 | Found a gate to the Realm of Zot.
 75008 | Depths:5 | Noticed Margery
 75015 | Depths:5 | Reached XP level 26. HP: 150/170 MP: 38/38
 75022 | Depths:5 | Killed Margery
 75818 | Depths:2 | Killed an ancient lich
 75819 | Depths:2 | Killed an ancient lich
 75847 | Depths:2 | Killed Zarkath's ghost
 75891 | Depths:2 | Got a heavily runed tin ring
 75940 | Depths:2 | Identified the ring of Kuxkegh {Str+4 Int+4 Dex+3 Stlth+}
                  | (You found it on level 2 of the Depths)
 76365 | Tomb:1   | Entered Level 1 of the Tomb of the Ancients
 77335 | Tomb:1   | Noticed a greater mummy
 77396 | Tomb:1   | Killed a greater mummy
 78719 | Slime:1  | Entered Level 1 of the Pits of Slime
 79310 | Slime:5  | Entered Level 5 of the Pits of Slime
 79365 | Slime:4  | Reached skill level 10 in Evocations
 79572 | Slime:5  | Gained mutation: Your magical capacity is low. (-10% MP) [a
                  | shining eye]
 79818 | Slime:5  | Reached XP level 27. HP: 162/177 MP: 34/34
 79850 | Slime:5  | Noticed the Royal Jelly
 81494 | Slime:5  | Killed the Royal Jelly
 81818 | Slime:5  | Got a smoking lead ring
 81821 | Slime:5  | Got a slimy rune of Zot
 81873 | Slime:5  | Got a translucent troll leather armour
 82019 | Shoals:1 | Identified the cursed +1 troll leather armour "Zygum"
                  | {-Cast rN+++ Regen+ Str-5 Dex+6} (You found it on level 5
                  | of the Pits of Slime)
 82021 | Shoals:1 | Identified the ring "Deepre" {rF- rC+ Str+4 Dex+4} (You
                  | found it on level 5 of the Pits of Slime)
 82840 | Vaults:5 | Entered Level 5 of the Vaults
 84961 | Vaults:5 | Found Dojepp's Food Shoppe.
 85087 | Vaults:5 | Found Kutig's Distillery.
 85092 | Vaults:5 | Bought a potion of brilliance for 68 gold pieces
 85092 | Vaults:5 | Bought a potion of haste for 170 gold pieces
 85092 | Vaults:5 | Bought a potion of might for 68 gold pieces
 85092 | Vaults:5 | Bought a potion of brilliance for 68 gold pieces
 85106 | Vaults:5 | Found Siata's Magic Scroll Shoppe.
 85111 | Vaults:5 | Bought a scroll of holy word for 112 gold pieces
 85111 | Vaults:5 | Bought a scroll of teleportation for 45 gold pieces
 85111 | Vaults:5 | Bought a scroll of blinking for 112 gold pieces
 85111 | Vaults:5 | Bought a scroll of blinking for 112 gold pieces
 85111 | Vaults:5 | Bought a scroll of acquirement for 780 gold pieces
 85114 | Vaults:5 | Got a shimmering granite ring
 85144 | Vaults:4 | Identified the ring of Exhibitionism {rPois rC+ Str+4} (You
                  | acquired it on level 5 of the Vaults)
 85245 | Vaults:5 | Got a silver rune of Zot
 85445 | Vaults:5 | Found Icatipt's Antique Armour Boutique.
 85753 | Vaults:5 | Bought a pair of runed boots for 315 gold pieces
 85764 | Vaults:5 | Bought faintly glowing ice dragon scales for 2730 gold
                  | pieces
 85765 | Vaults:5 | Found Buprarph's Jewellery Boutique.
 85765 | Vaults:5 | Found Emebb's General Store.
 85797 | Vaults:5 | Found Istitaq's Antique Weapon Shop.
 86122 | Vaults:5 | Found Nooconko's Jewellery Shop.
 86348 | Vaults:1 | Identified the +1 ice dragon scales of the Untouchables
                  | {rElec rF- rC++ rN+ Regen+ Str+8} (You bought it in a shop
                  | on level 5 of the Vaults)
 86698 | Tomb:2   | Noticed a greater mummy
 86698 | Tomb:2   | Noticed a greater mummy
 86698 | Tomb:2   | Noticed a greater mummy
 86698 | Tomb:2   | Noticed a greater mummy
 86717 | Tomb:2   | Killed a greater mummy
 87961 | Zot:1    | Entered Level 1 of the Realm of Zot
 89295 | Zot:2    | Noticed an orb of fire
 89296 | Zot:2    | Gained mutation: You occasionally shout uncontrollably at
                  | your foes. [an orb of fire]
 89320 | Zot:2    | Gained mutation: You are clumsy. (Dex -2) [an orb of fire]
 89326 | Zot:2    | Killed an orb of fire
 91912 | Zot:3    | Learned a level 6 spell: Iron Shot
 92463 | Zot:3    | Reached skill level 1 in Earth Magic
 92654 | Zot:4    | Reached skill level 5 in Earth Magic
 93768 | Hell     | Entered the Vestibule of Hell
 93768 | Hell     | Noticed Geryon
 93779 | Hell     | Killed Geryon
 93796 | Hell     | Reached skill level 10 in Earth Magic
 94130 | Hell     | Found a gateway to the ashen valley of Gehenna.
 94190 | Hell     | Found a gateway to the Iron City of Dis.
 94238 | Hell     | Found a gateway to the decaying netherworld of Tartarus.
 94294 | Hell     | Found a gateway to the freezing wastes of Cocytus.
 94612 | Zot:5    | Entered Level 5 of the Realm of Zot
 94712 | Zot:5    | Got a slimy golden ring
 94770 | Zot:4    | Identified the ring of Resh {rPois rF+ Str+3} (You acquired
                  | it on level 5 of the Realm of Zot)
 95389 | Zot:5    | Noticed an ancient lich
 95404 | Zot:5    | Killed an ancient lich
 95440 | Zot:5    | Noticed an orb of fire
 95445 | Zot:5    | Noticed an orb of fire
 95446 | Zot:5    | Gained mutation: Your spells are a little easier to cast,
                  | but a little less powerful. [an orb of fire]
 95457 | Zot:5    | Killed an orb of fire
 95462 | Zot:5    | Noticed an orb of fire
 95463 | Zot:5    | Gained mutation: You tend to lose your temper in combat.
                  | [an orb of fire]
 95464 | Zot:5    | Killed an orb of fire
 95465 | Zot:5    | Noticed an orb of fire
 95485 | Zot:5    | Noticed an ancient lich
 95485 | Zot:5    | Noticed an orb of fire
 95486 | Zot:5    | Noticed an orb of fire
 95487 | Zot:5    | Noticed an orb of fire
 95489 | Zot:5    | Gained mutation: You sometimes yell uncontrollably at your
                  | foes. [an orb of fire]
 95494 | Zot:5    | Noticed an orb of fire
 95494 | Zot:5    | Gained mutation: Your spells are easier to cast, but less
                  | powerful. [an orb of fire]
 95495 | Zot:5    | Noticed an ancient lich
 95496 | Zot:5    | Gained mutation: Your magical capacity is very low. (-20%
                  | MP) [an orb of fire]
 95498 | Zot:5    | Gained mutation: Your magical capacity is extremely low.
                  | (-30% MP) [an orb of fire]
 95501 | Zot:5    | Noticed an ancient lich
 95502 | Zot:5    | Noticed an ancient lich
 95511 | Zot:5    | Gained mutation: You are very clumsy. (Dex -4) [an orb of
                  | fire]
 95512 | Zot:5    | Gained mutation: You are frail. (-10% HP) [an orb of fire]
 95518 | Zot:5    | Gained mutation: You are occasionally teleported next to
                  | monsters. [an orb of fire]
 95523 | Zot:5    | Gained mutation: Armour fits poorly on your strangely
                  | shaped body. [an orb of fire]
 95525 | Zot:5    | HP: 4/165 [Killer Klown (16)]
 95527 | Zot:5    | Gained mutation: Your body often deteriorates upon taking
                  | damage. [an orb of fire]
 95527 | Zot:5    | Gained mutation: Scrolls take you a little longer to read.
                  | [an orb of fire]
 96121 | Depths:5 | Lost mutation: Your magical capacity is extremely low.
                  | (-30% MP) [potion of mutation]
 96121 | Depths:5 | Lost mutation: Armour fits poorly on your strangely shaped
                  | body. [potion of mutation]
 96121 | Depths:5 | Lost mutation: You tend to lose your temper in combat.
                  | [potion of mutation]
 96121 | Depths:5 | Lost mutation: Scrolls take you a little longer to read.
                  | [potion of mutation]
 96121 | Depths:5 | Gained mutation: You have supernaturally acute eyesight.
                  | (SInv) [potion of mutation]
 96122 | Depths:5 | Lost mutation: You are frail. (-10% HP) [potion of
                  | mutation]
 96122 | Depths:5 | Lost mutation: Your body often deteriorates upon taking
                  | damage. [potion of mutation]
 96122 | Depths:5 | Lost mutation: Your body sometimes deteriorates upon taking
                  | damage. [potion of mutation]
 96122 | Depths:5 | Lost mutation: Your magical capacity is very low. (-20% MP)
                  | [potion of mutation]
 96122 | Depths:5 | Gained mutation: Your body sometimes deteriorates upon
                  | taking damage. [potion of mutation]
 96122 | Depths:5 | Gained mutation: You are partially covered in large bone
                  | plates. (SH +4) [potion of mutation]
 96123 | Depths:5 | Lost mutation: Your body sometimes deteriorates upon taking
                  | damage. [potion of mutation]
 96123 | Depths:5 | Lost mutation: Your magical capacity is low. (-10% MP)
                  | [potion of mutation]
 96123 | Depths:5 | Lost mutation: You are very clumsy. (Dex -4) [potion of
                  | mutation]
 96123 | Depths:5 | Lost mutation: You are clumsy. (Dex -2) [potion of
                  | mutation]
 96123 | Depths:5 | Lost mutation: Your spells are easier to cast, but less
                  | powerful. [potion of mutation]
 96123 | Depths:5 | Gained mutation: Potions are less effective at restoring
                  | your health. [potion of mutation]
 96123 | Depths:5 | Gained mutation: You are agile. (Dex +2) [potion of
                  | mutation]
 96123 | Depths:5 | Gained mutation: You possess an exceptional clarity of
                  | mind. [potion of mutation]
 96143 | Depths:5 | Lost mutation: You sometimes yell uncontrollably at your
                  | foes. [potion of mutation]
 96143 | Depths:5 | Lost mutation: You have supernaturally acute eyesight.
                  | (SInv) [potion of mutation]
 96143 | Depths:5 | Gained mutation: You are covered in fur. (AC +1) [potion of
                  | mutation]
 96191 | Depths:5 | Lost mutation: Your spells are a little easier to cast, but
                  | a little less powerful. [potion of mutation]
 96191 | Depths:5 | Lost mutation: You possess an exceptional clarity of mind.
                  | [potion of mutation]
 96191 | Depths:5 | Lost mutation: You are partially covered in large bone
                  | plates. (SH +4) [potion of mutation]
 96191 | Depths:5 | Gained mutation: You evolve. [potion of mutation]
 96191 | Depths:5 | Gained mutation: You have a pair of small horns on your
                  | head. [potion of mutation]
 96652 | Tomb:1   | Lost mutation: You are agile. (Dex +2) [potion of mutation]
 96652 | Tomb:1   | Lost mutation: You are occasionally teleported next to
                  | monsters. [potion of mutation]
 96652 | Tomb:1   | Gained mutation: You sometimes yell uncontrollably at your
                  | foes. [potion of mutation]
 96652 | Tomb:1   | Gained mutation: You are robust. (+10% HP) [potion of
                  | mutation]
 97243 | Tomb:2   | Killed a greater mummy
 97243 | Tomb:2   | Reached skill level 15 in Earth Magic
 97245 | Tomb:2   | Killed a greater mummy
 97255 | Tomb:2   | Killed a greater mummy
 97569 | Tomb:2   | Gained mutation: You are very robust. (+20% HP) [evolution]
 98774 | Zot:5    | Killed an ancient lich
 98825 | Zot:5    | Killed an orb of fire
 98844 | Zot:5    | Killed an ancient lich
 99772 | Zot:5    | Lost mutation: You are very robust. (+20% HP) [an orb of
                  | fire]
 99782 | Zot:5    | Gained mutation: Your spells are a little easier to cast,
                  | but a little less powerful. [an orb of fire]
 99804 | Zot:5    | Lost mutation: You are robust. (+10% HP) [an orb of fire]
 99808 | Zot:5    | Gained mutation: You are weak. (Str -2) [an orb of fire]
 99809 | Zot:5    | Killed an orb of fire
100123 | Zot:5    | Killed an ancient lich
100182 | Zot:5    | Killed an ancient lich
100225 | Zot:5    | Gained mutation: Armour fits poorly on your strangely
                  | shaped body. [an orb of fire]
100226 | Zot:5    | Gained mutation: You are dopey. (Int -2) [an orb of fire]
100228 | Zot:5    | Gained mutation: You are occasionally teleported next to
                  | monsters. [an orb of fire]
100230 | Zot:5    | Killed an orb of fire
100289 | Zot:5    | Gained mutation: You are clumsy. (Dex -2) [an orb of fire]
100292 | Zot:5    | Gained mutation: You are frail. (-10% HP) [an orb of fire]
100295 | Zot:5    | Gained mutation: Your spells are easier to cast, but less
                  | powerful. [an orb of fire]
101231 | Snake:1  | Bought a potion of mutation for 136 gold pieces
101231 | Snake:1  | Bought a potion of mutation for 136 gold pieces
101241 | Snake:1  | Bought a potion of mutation for 136 gold pieces
101244 | Snake:1  | Bought a potion of haste for 170 gold pieces
101244 | Snake:1  | Lost mutation: You are weak. (Str -2) [potion of mutation]
101244 | Snake:1  | Lost mutation: You have a pair of small horns on your head.
                  | [potion of mutation]
101244 | Snake:1  | Lost mutation: You sometimes yell uncontrollably at your
                  | foes. [potion of mutation]
101244 | Snake:1  | Lost mutation: You are dopey. (Int -2) [potion of mutation]
101244 | Snake:1  | Gained mutation: You expend magic power (3 MP) to
                  | strengthen your wands. [potion of mutation]
101245 | Snake:1  | Lost mutation: You evolve. [potion of mutation]
101245 | Snake:1  | Lost mutation: Your spells are easier to cast, but less
                  | powerful. [potion of mutation]
101245 | Snake:1  | Lost mutation: Armour fits poorly on your strangely shaped
                  | body. [potion of mutation]
101245 | Snake:1  | Lost mutation: You are frail. (-10% HP) [potion of
                  | mutation]
101245 | Snake:1  | Lost mutation: You are covered in fur. (AC +1) [potion of
                  | mutation]
101245 | Snake:1  | Gained mutation: You are resistant to hostile enchantments.
                  | (MR+) [potion of mutation]
101246 | Snake:1  | Lost mutation: You are resistant to hostile enchantments.
                  | (MR+) [potion of mutation]
101246 | Snake:1  | Lost mutation: You expend magic power (3 MP) to strengthen
                  | your wands. [potion of mutation]
101246 | Snake:1  | Lost mutation: You are clumsy. (Dex -2) [potion of
                  | mutation]
101246 | Snake:1  | Gained mutation: Scrolls take you a little longer to read.
                  | [potion of mutation]
101246 | Snake:1  | Gained mutation: Your muscles are strong. (Str +2) [potion
                  | of mutation]
101246 | Snake:1  | Gained mutation: You are robust. (+10% HP) [potion of
                  | mutation]
101615 | D:3      | Lost mutation: Your spells are a little easier to cast, but
                  | a little less powerful. [potion of mutation]
101615 | D:3      | Lost mutation: You are robust. (+10% HP) [potion of
                  | mutation]
101615 | D:3      | Lost mutation: Your muscles are strong. (Str +2) [potion of
                  | mutation]
101615 | D:3      | Gained mutation: You have a pair of small antennae on your
                  | head. [potion of mutation]
101615 | D:3      | Gained mutation: You possess an exceptional clarity of
                  | mind. [potion of mutation]
102333 | Temple   | Entered the Ecumenical Temple
102346 | Temple   | Fell from the grace of Wu Jian
102346 | Temple   | Became a worshipper of Zin the Law-Giver
102346 | Temple   | Reached * piety under Zin
102346 | Temple   | Reached ** piety under Zin
102347 | Temple   | Donated 700 gold pieces to Zin
102376 | D:7      | Reached *** piety under Zin
102711 | Coc:1    | Entered Level 1 of Cocytus
102796 | Coc:1    | Reached skill level 1 in Invocations
102870 | Coc:1    | Reached **** piety under Zin
103360 | Coc:1    | Reached ***** piety under Zin
103367 | Coc:1    | Reached skill level 5 in Invocations
104521 | Coc:2    | Reached skill level 10 in Invocations
104886 | Coc:3    | Reached ****** piety under Zin
105817 | Coc:7    | Entered Level 7 of Cocytus
106507 | Coc:7    | Noticed the Serpent of Hell
106527 | Coc:7    | Killed the Serpent of Hell
106570 | Coc:7    | Reached skill level 15 in Invocations
107312 | Coc:7    | Noticed Antaeus
107347 | Coc:7    | Killed Antaeus
107420 | Coc:7    | Got an icy rune of Zot
107426 | Coc:7    | Got a steaming bronze amulet
107428 | Coc:7    | Got a vibrating platinum ring
107556 | Depths:5 | Identified the ring of Zawoa {rF+ rN+ MP+9 Str-5 Dex+3}
                  | (You found it on level 7 of Cocytus)
107585 | Depths:5 | Identified the amulet of Satos {Harm *Drain *Slow Int+5}
                  | (You found it on level 7 of Cocytus)
107616 | Depths:4 | Voluntarily entered the Abyss.
107619 | Abyss:1  | Found a corrupted altar of Lugonu.
107785 | Abyss:2  | Found a corrupted altar of Lugonu.
107821 | Abyss:2  | Found a corrupted altar of Lugonu.
107883 | Abyss:2  | Paralysed by accursed screaming for 1 turns
107962 | Abyss:2  | Was forgiven by Wu Jian
108379 | Abyss:2  | Found a corrupted altar of Lugonu.
108888 | Abyss:3  | Found a corrupted altar of Lugonu.
108925 | Abyss:3  | Paralysed by an eldritch tentacle for 2 turns
109083 | Abyss:3  | Got an abyssal rune of Zot
109341 | Abyss:3  | Found a corrupted altar of Lugonu.
109525 | Abyss:3  | Found a corrupted altar of Lugonu.
109583 | Abyss:3  | Found a corrupted altar of Lugonu.
109721 | Abyss:3  | Noticed an ancient lich
109725 | Abyss:3  | Killed an ancient lich
109760 | Depths:4 | Escaped the Abyss
111655 | Tomb:1   | Noticed a greater mummy
111666 | Tomb:1   | Killed a greater mummy
111670 | Tomb:1   | Noticed a greater mummy
111680 | Tomb:1   | Killed a greater mummy
111748 | Tomb:1   | Noticed a greater mummy
111760 | Tomb:1   | Killed a greater mummy
111997 | Tomb:1   | Noticed a greater mummy
112010 | Tomb:1   | Killed a greater mummy
112224 | Tomb:1   | Noticed a greater mummy
112235 | Tomb:1   | Killed a greater mummy
112256 | Tomb:1   | Noticed a greater mummy
112350 | Tomb:1   | Killed a greater mummy
112354 | Tomb:1   | Noticed a greater mummy
112365 | Tomb:1   | Killed a greater mummy
112572 | Tomb:1   | Noticed a greater mummy
112581 | Tomb:1   | Noticed a greater mummy
112582 | Tomb:1   | Noticed a greater mummy
112695 | Tomb:1   | Killed a greater mummy
113022 | Tomb:1   | Killed a greater mummy
113101 | Tomb:1   | Killed a greater mummy
113139 | Tomb:1   | Noticed a greater mummy
113157 | Tomb:1   | Killed a greater mummy
114035 | Zot:5    | Lost mutation: Scrolls take you a little longer to read.
                  | [potion of mutation]
114035 | Zot:5    | Lost mutation: You occasionally shout uncontrollably at
                  | your foes. [potion of mutation]
114313 | Zot:5    | Killed an orb of fire
114331 | Zot:5    | Killed an orb of fire
114749 | Zot:5    | Killed an orb of fire
115542 | Geh:1    | Entered Level 1 of Gehenna
118192 | Geh:7    | Entered Level 7 of Gehenna
119576 | Geh:7    | Reached skill level 27 in Fighting
120362 | Geh:7    | Noticed Asmodeus
121668 | Zig:1    | Entered Level 1 of a ziggurat
121695 | Zig:2    | Entered Level 2 of a ziggurat
121736 | Zig:3    | Entered Level 3 of a ziggurat
121770 | Zig:3    | Got an ancient glass ring
121961 | Zig:4    | Entered Level 4 of a ziggurat
122004 | Zig:4    | Identified the ring of Nyvehad {Ice rPois Int+6} (You found
                  | it on level 3 of a ziggurat)
122028 | Zig:5    | Entered Level 5 of a ziggurat
122034 | Zig:5    | Found the +6 arbalest "Damnation" {damnation}
122045 | Zig:5    | Paralysed by something for 5 turns
122062 | Zig:5    | Identified the Grimoire of Congealing Dark Arts
122102 | Zig:6    | Entered Level 6 of a ziggurat
122132 | Zig:6    | Identified the Tome of Attacks and Transformation
122150 | Zig:6    | Learned a level 8 spell: Controlled Blink
122196 | Zig:7    | Entered Level 7 of a ziggurat
122201 | Zig:7    | Noticed an orb of fire
122206 | Zig:7    | Zin protects you from harm!
122211 | Zig:7    | HP: 9/199 [balrug/divine providence (12)]
122211 | Zig:7    | HP: 1/199 [balrug/divine providence (8)]
122536 | Tar:1    | Entered Level 1 of Tartarus
122564 | Hell     | Learned a level 8 spell: Lehudib's Crystal Spear
122752 | Tar:1    | Reached skill level 5 in Translocations
124115 | Tar:2    | Reached skill level 10 in Translocations
130269 | Tar:7    | Entered Level 7 of Tartarus
130718 | Tar:7    | Reached skill level 15 in Translocations
131311 | Tar:7    | Reached skill level 27 in Invocations
131930 | Tar:7    | Got a clouded copper ring
132623 | Tar:7    | Noticed Ereshkigal
132643 | Tar:7    | Killed Ereshkigal
132740 | Tar:7    | Identified the Guide on Conjuration
132744 | Tar:7    | Got a smoking large shield
132755 | Tar:7    | Identified the +7 large shield of the City {Str+6} (You
                  | found it on level 7 of Tartarus)
132761 | Tar:7    | Got a bone rune of Zot
132764 | Tar:7    | Identified the Volume of Attacks
132913 | Dis:1    | Entered Level 1 of the Iron City of Dis
133295 | Dis:1    | Cast into level 2 of the Abyss (reaper)
133295 | Abyss:2  | Found a corrupted altar of Lugonu.
133310 | Dis:1    | Escaped the Abyss
135215 | Dis:7    | Entered Level 7 of the Iron City of Dis
135391 | Dis:7    | Reached skill level 15 in Spellcasting
137603 | Dis:7    | Reached skill level 15 in Evocations
137952 | Dis:7    | Noticed Dispater
138018 | Dis:7    | Killed Dispater
138183 | Dis:7    | Got an iron rune of Zot
138187 | Dis:7    | Identified Sif Muna's Volume of Assistive Air
139130 | Tomb:3   | Entered Level 3 of the Tomb of the Ancients
139164 | Tomb:3   | Noticed a greater mummy
139180 | Tomb:3   | Killed a greater mummy
139193 | Tomb:2   | Slain by a bennu

Skill      XL: |  1  2  3  4  5  6  7  8  9 10 11 12 13 14 15 16 17 18 19 20 21 22 23 24 25 26 27 |
---------------+----------------------------------------------------------------------------------+-----
Armour         | 1 2 3 4 5 6 8 9 11 12 13 14 15 16 18 | 18.2
Maces & Flails | 4 5 6 7 9 11 12 13 14 15 16 | 16.0
Conjurations   | 2 5 7 8 9 10 11 12 13 14 15 16 23 | 23.1
Fire Magic     | 2 4 6 7 9 11 12 14 15 16 17 18 20 21 22 24 | 24.4
Fighting       | 5 7 8 9 11 12 13 14 15 16 17 18 19 27 | 27.0
Spellcasting   | 4 5 7 9 10 11 15 | 15.8
Shields        | 4 9 11 13 15 17 18 23 | 23.1
Dodging        | 5 6 8 9 |  9.2
Evocations     | 2 5 10 15 | 15.2
Earth Magic    | 20 | 20.0
Invocations    | 27 | 27.0
Stealth        | 4 |  4.1
Translocations | 19 | 19.2

Action                   |  1- 3 |  4- 6 |  7- 9 | 10-12 | 13-15 | 16-18 | 19-21 | 22-24 | 25-27 || total
-------------------------+-------+-------+-------+-------+-------+-------+-------+-------+-------++-------
Melee: Mace              |    92 |   108 |       |       |       |       |       |       |       ||   200
       Whip              |       |    52 |   467 |  1231 |   341 |       |       |       |       ||  2091
       Flail             |       |       |   185 |    48 |   107 |       |       |       |       ||   340
       Morningstar       |       |       |       |       |  1119 |       |       |       |       ||  1119
       Eveningstar       |       |       |       |       |   746 |  2225 |  2080 |  1766 | 10470 || 17287
       Staff             |       |       |       |       |       |       |       |       |    94 ||    94
       Headbutt          |       |       |       |       |       |       |       |       |    86 ||    86
 Fire: Hunting sling     |    28 |    18 |    12 |     1 |       |       |       |       |       ||    59
Throw: Stone             |       |       |       |     1 |       |       |       |       |       ||     1
 Cast: Conjure Flame     |       |       |       |       |     7 |     1 |     5 |     2 |       ||    15
       Bolt of Fire      |       |       |       |       |       |       |       |    25 |    96 ||   121
       Fireball          |       |       |       |       |       |       |       |    29 |    79 ||   108
       Summon Butterflie |       |       |       |       |       |       |       |       |    29 ||    29
       Regeneration      |       |       |       |       |       |       |       |       |     2 ||     2
       Iron Shot         |       |       |       |       |       |       |       |       |   146 ||   146
       Ignition          |       |       |       |       |       |       |       |       |    66 ||    66
       Lehudib's Crystal |       |       |       |       |       |       |       |       |    25 ||    25
       Blink             |       |       |       |       |       |       |       |       |    15 ||    15
Invok: Lunge             |       |    13 |    58 |   106 |   217 |   183 |   170 |   161 |   270 ||  1178
       Wall Jump         |       |     4 |    15 |    30 |    56 |    61 |    52 |    30 |    88 ||   336
       Whirlwind         |       |       |    45 |   113 |   354 |   360 |   395 |   228 |   897 ||  2392
       Serpent's Lash    |       |       |     1 |     5 |    15 |     8 |    10 |     7 |    41 ||    87
       Heavenly Storm    |       |       |       |     1 |     1 |       |     3 |     2 |     6 ||    13
       Recite            |       |       |       |       |       |       |       |       |    70 ||    70
       Vitalisation      |       |       |       |       |       |       |       |       |    18 ||    18
       Sanctuary         |       |       |       |       |       |       |       |       |     4 ||     4
       Imprison          |       |       |       |       |       |       |       |       |     1 ||     1
       Donate Gold       |       |       |       |       |       |       |       |       |     1 ||     1
 Abil: Fly               |       |       |       |       |     1 |     1 |       |     1 |     3 ||     6
       Stop Flying       |       |       |       |       |       |     1 |     1 |     1 |     2 ||     5
       Wall Jump         |       |       |       |       |       |       |     1 |       |       ||     1
       Evoke Blink       |       |       |       |       |       |       |     2 |       |       ||     2
       Evoke Invisibilit |       |       |       |       |       |       |       |       |    13 ||    13
Evoke: Wand              |       |       |     4 |    27 |    25 |     1 |       |     2 |    26 ||    85
       Fan of gales      |       |       |       |     1 |       |       |       |     2 |     2 ||     5
       Lightning rod     |       |       |       |       |       |       |       |    13 |    26 ||    39
       Phial of floods   |       |       |       |       |       |       |       |     2 |     6 ||     8
       Sack of spiders   |       |       |       |       |       |       |       |       |     5 ||     5
       Horn of Geryon    |       |       |       |       |       |       |       |       |     2 ||     2
       Staff of energy   |       |       |       |       |       |       |       |       |     1 ||     1
       Phantom mirror    |       |       |       |       |       |       |       |       |     1 ||     1
  Use: Scroll            |     4 |     2 |     9 |    13 |    26 |     7 |    10 |    24 |    66 ||   161
       Potion            |       |       |       |     1 |     9 |     3 |     2 |     7 |    65 ||    87
 Stab: Sleeping          |     2 |       |       |       |     1 |       |       |       |       ||     3
       Petrified         |       |       |       |       |     3 |     5 |       |       |       ||     8
       Paralysed         |       |       |       |       |     3 |       |       |       |     1 ||     4
       Invisible         |       |       |       |       |    11 |       |       |       |    66 ||    77
       Distracted        |       |       |       |       |     1 |       |       |     1 |     5 ||     7
       Confused          |       |       |       |       |       |       |       |       |    23 ||    23
  Eat: Chunk             |     1 |     8 |    12 |    25 |    48 |    27 |    29 |    30 |    54 ||   234
       Ration            |       |       |     1 |     3 |     3 |     5 |     4 |     9 |    78 ||   103
Armor: Robe              |     3 |       |       |       |       |       |       |       |       ||     3
       Scale mail        |    38 |       |       |       |       |       |       |       |       ||    38
       Chain mail        |       |   102 |   253 |   545 |   993 |       |       |       |       ||  1893
       Fire dragon scale |       |       |       |       |   102 |    96 |       |       |  1138 ||  1336
       Ice dragon scales |       |       |       |       |       |   491 |   377 |   282 |  1765 ||  2915
       Quicksilver drago |       |       |       |       |       |       |       |    84 |       ||    84
       Acid dragon scale |       |       |       |       |       |       |       |       |    71 ||    71
       Skin              |       |       |       |       |       |       |       |       |     1 ||     1
Dodge: Dodged            |    48 |    48 |   147 |   304 |   593 |   326 |   253 |   277 |  2504 ||  4500
Block: Other             |       |       |       |    21 |    49 |       |       |       |       ||    70
       Buckler           |       |       |       |       |   108 |       |       |       |       ||   108
       Large shield      |       |       |       |       |   509 |  1982 |  1640 |  1509 | 12895 || 18535
       Reflection        |       |       |       |       |    13 |   239 |   109 |    80 |   226 ||   667
